 Dungeon Crawl Stone Soup version 0.31-a0-996-g3b49de5 (webtiles) character file.

Game seed: 10510379365504953347

61156 Shifty the Warrior (level 15, 0/122 HPs)
             Began as a Djinni Fire Elementalist on Nov 7, 2023.
             Was a High Priest of Makhleb.
             Slain by a bone dragon (12 damage)
             ... on level 2 of the Abyss.
             The game lasted 00:37:09 (20732 turns).

Shifty the Warrior (Djinni Fire Elementalist)      Turns: 20732, Time: 00:37:09

Health: 0/122      AC:  9    Str: 11    XL:     15   Next: 41%
Gold:   1282       EV: 12    Int: 23    God:    Makhleb [*****.] SH:  4 Dex: 14

rFire   + + +        D - +3 broad axe of Resumed Hostilities {venom, rC+ Will- Dex+3 Stlth+}
rCold   . . .        K - +0 buckler
rNeg    . . .        N - +3 troll leather armour
rPois   ∞            (no helmet)
rElec   .            J - +2 cloak {Will+}
rCorr   .            (no gloves)
SInv    .            (boots unavailable)
Will    +....        b - amulet of regeneration
Stlth   ++++         d - ring of wizardry
HPRegen 2.00/turn    P - ring of protection from fire
MPRegen 0.00/turn

%: wizardry (x1), infuse magic (-1 HP)
@: about to teleport, flying
A: sickness immunity, fire resistance 2, cold vulnerability 1, float, innate
caster, HP casting, extra vitality 1, camouflage 1, clumsy 1, mutation
resistance 1, strong 1
a: Renounce Religion, Minor Destruction, Lesser Servant of Makhleb, Major
Destruction, Greater Servant of Makhleb


You were on level 2 of the Abyss.
You worshipped Makhleb.
Makhleb was extremely pleased with you.
You visited 3 branches of the dungeon, and saw 18 of its levels.
You visited the Abyss 1 time.

You collected 1444 gold pieces.
You spent 162 gold pieces at shops.

Inventory:

Hand Weapons
 D - the +3 broad axe of Resumed Hostilities (weapon) {venom, rC+ Will- Dex+3 Stlth+}
   (You bought it in a shop on level 9 of the Dungeon)

   Dex+3:     It affects your dexterity (+3).
   rC+:       It protects you from cold.
   Will-:     It decreases your willpower.
   Stlth+:    It makes you more stealthy.
Armour
 J - a +2 cloak of willpower (worn)
 K - a +0 buckler (worn)
 N - a +3 troll leather armour (worn)
Magical Staves
 s - a staff of fire
Jewellery
 b - an amulet of regeneration (around neck)
 d - a ring of wizardry (left hand)
 m - a ring of ice
 E - a ring of ice
 P - a ring of protection from fire (right hand)
 V - an amulet of reflection
Talismans
 z - a dragon-blood talisman
Wands
 a - a wand of flame (32)
 i - a wand of quicksilver (6)
 w - a wand of roots (11)
 y - a wand of charming (15)
 I - a wand of polymorph (6)
 S - a wand of digging (7)
Scrolls
 c - 10 scrolls of teleportation
 f - a scroll of immolation
 q - 3 scrolls of brand weapon
 t - 11 scrolls of identify
 u - a scroll of torment
 A - a scroll of poison
 B - a scroll of revelation
 G - a scroll of fear
 O - 2 scrolls of enchant weapon
 R - 4 scrolls of fog
Potions
 e - a potion of mutation
 j - a potion of haste
 k - a potion of resistance
 o - 2 potions of attraction
 r - 3 potions of curing
 v - 2 potions of degeneration
 C - a potion of lignification
 L - 2 potions of berserk rage
 T - a potion of ambrosia
Miscellaneous
 H - a phantom mirror
 M - a lightning rod (4/4)


   Skills:
 * Level 16.5 Fighting
 + Level 4.4 Armour
 + Level 3.5 Dodging
 + Level 3.7 Stealth
 + Level 1.0 Shields
 * Level 13.6 Spellcasting
 * Level 13.6 Conjurations
 * Level 13.6 Hexes
 * Level 13.6 Summonings
 * Level 13.6 Necromancy
 * Level 13.6 Translocations
 * Level 13.6 Transmutations
 * Level 13.6 Fire Magic
 * Level 13.6 Ice Magic
 * Level 13.6 Air Magic
 * Level 13.6 Earth Magic
 * Level 13.6 Poison Magic
 * Level 5.1 Evocations
 * Level 4.1 Shapeshifting


You knew the following spells:

 Your Spells              Type           Power      Damage    Failure   Level
a - Foxfire               Conj/Fire      100%       2x1d9     1%          1
b - Scorch                Fire           100%       2d9       1%          2
c - Volatile Blastmotes   Fire/Tloc      100%       2d18      1%          3
d - Inner Flame           Hex/Fire       68%        N/A       1%          3
e - Flame Wave            Conj/Fire      68%        2d15      1%          4
f - Summon Small Mammal   Summ           100%       N/A       1%          1
g - Wereblood             Tmut           68%        N/A       1%          2
h - Stone Arrow           Conj/Erth      100%       3d13      1%          3
i - Vampiric Draining     Necr           68%        2d10      1%          3
j - Iskenderun's Mystic   Conj/Tloc      68%        2d14      1%          4
k - Agony                 Necr           68%        N/A       1%          5
l - Dispersal             Tloc           34%        N/A       1%          6
Your spell library was empty.

Dungeon Overview and Level Annotations

Branches:
Dungeon (12/15)            Temple (1/1) D:4            Lair (5/5) D:11
 Shoals (0/4) Lair:2        Snake (0/4) Lair:2        Slime (0/5) Lair:4
    Orc (0/2) D:10

Altars:
Ashenzari
Cheibriados
Dithmenos
Elyvilon
Fedhas
Gozag
Hepliaklqana
Makhleb
Nemelex Xobeh
Okawaru
Qazlal
Ru
Trog
Uskayaw
Wu Jian
Xom
Yredelemnul
Zin
The Shining One
Jiyva

Shops:
D:9 (

Annotations:
D:3 1 runed translucent door, uhhuh's ghost, amateur TrSh
Lair:2 exclusion: oklob plant
Lair:4 1 runed translucent door
Lair:5 1 runed translucent door, Gymolay's ghost, journeyman TrFi


Innate Abilities, Weirdness & Mutations

You are immune to sickness and miasma.
You are immune to poison.
Your flesh is very heat resistant. (rF++)
You are vulnerable to cold. (rC-)
You float through the air rather than walking.
You learn spells naturally, not from books.
Your magical power is your life essence.
You have superior vitality. (+4 MHP)
Your skin changes colour to match your surroundings (Stealth+).
You are clumsy. (Dex -2)
You are somewhat resistant to further mutation.
Your muscles are strong. (Str +4, Int/Dex -1)


Message History

* * * LOW HITPOINT WARNING * * *
Unknown command.
Casting: Iskenderun's Mystic Blast (safe; 1% risk of failure)
Confirm with . or Enter, or press ? or * to list all spells.
You erupt in a blast of force!
The mystic blast hits the bone dragon but does no damage.
The mystic blast hits the ancient zyme!
You destroy the ancient zyme!
Makhleb accepts your kill.
You feel better.
* * * LOW HITPOINT WARNING * * *
You are engulfed in blazing flames.
You resist.
* * * LOW HITPOINT WARNING * * *
You hear a shout!
The raiju is engulfed in blazing flames.
You hear a bark!
Casting: Iskenderun's Mystic Blast (safe; 1% risk of failure)
Confirm with . or Enter, or press ? or * to list all spells.
You erupt in a blast of force!
The mystic blast hits the bone dragon but does no damage.
* * * LOW HITPOINT WARNING * * *
You are engulfed in blazing flames.
You resist.
* * * LOW HITPOINT WARNING * * *
You hear a roar!
The bone dragon bites you.
* * * LOW HITPOINT WARNING * * *
The bone dragon claws you!
* * * LOW HITPOINT WARNING * * *
The bone dragon tramples you!
* * * LOW HITPOINT WARNING * * *
You hold your ground!
The raiju is engulfed in blazing flames.
You hear a bark! x2
As you read the scroll of teleportation, it crumbles to dust.
You feel strangely unstable.
You feel the power of the Abyss delaying your translocation!
You are engulfed in blazing flames.
You resist.
* * * LOW HITPOINT WARNING * * *
You block the bone dragon's attack. The bone dragon claws you!
You die...

. # # .
3## . #
#### #D#
. .. §#..
v##. #§.#
. .###.
§. §
#3#D##. .
# .
#3F#@# #
§..#
#h##§#...
##.
#.#§###
..## .
#..# #.
## . # ..
. . . .


You could see a bone dragon.

Vanquished Creatures
  2 tentacled starspawn (Abyss:2)
  An Executioner (Abyss:2)
  A cacodemon (Abyss:2)
  An ice dragon (Lair:5)
  Fannar (D:10)
  A hydra (Lair:4)
  A boulder beetle (Lair:5)
  A centaur warrior (D:11)
  3 two-headed ogres
  Erica (D:9)
  2 tengu warriors (D:11)
  12 death yaks
  An occultist (D:12)
  A wretched star (Abyss:2)
  2 skysharks
  An arcanist (D:12)
  Pikel (D:5)
  2 lindwurms (Lair:5)
  An oklob plant (Lair:4)
  12 elephants
  A salamander (Lair:2)
  A worldbinder (Abyss:2)
  A manticore (D:10)
  Maurice (D:11)
  Joseph (D:7)
  A black mamba (Lair:5)
  A smoke demon (Abyss:2)
  7 torpor snails
  9 cane toads
  A kobold demonologist (D:8)
  4 rime drakes (Lair:2)
  A yaktaur (D:9)
  6 komodo dragons
  An ancient zyme (Abyss:2)
  3 trolls
  3 tyrant leeches (Lair:5)
  7 hornets
  7 blink frogs
  Grinder (D:4)
  7 raiju
  A snapping turtle (Lair:2)
  Prince Ribbit (D:7)
  Sigmund (D:5)
  An air elemental (Abyss:2)
  3 slime creatures (D:11)
  A water elemental (Lair:2)
  8 flying skulls (Abyss:2)
  A vampire (D:10)
  3 wraiths
  5 wyverns
  A ynoxinul (Abyss:2)
  A fire elemental (Abyss:2)
  5 large abominations (Abyss:2)
  29 yaks
  2 basilisks (D:11)
  A fire bat (Abyss:2)
  A steam dragon (D:10)
  3 vampire mosquitoes
  A neqoxec (Abyss:2)
  An acid dragon (D:10)
  2 nagas (Lair:2)
  Duvessa (D:5)
  9 water moccasins
  2 sky beasts
  5 small abominations (Abyss:2)
  3 orc warriors
  4 ice beasts
  6 wolves (Lair:1)
  6 centaurs
  A lemure (D:5)
  3 kobold brigands
  14 bullfrogs
  4 scorpions
  4 water moccasin zombies (D:5)
  10 wights (D:8)
  Dowan (D:5)
  2 howler monkeys (D:9)
  7 electric eels
  2 lava snakes (D:7)
  3 centaur zombies
  3 bullfrog zombies (D:5)
  5 hounds
  2 orc priests
  A quasit (Abyss:2)
  2 gnoll boudas
  An iron imp (Abyss:2)
  A bullfrog skeleton (D:5)
  Terence (D:3)
  3 iguanas
  8 orc wizards
  A scorpion zombie (D:5)
  4 hell rats (Lair:2)
  2 killer bee zombies (D:5)
  A hound zombie (D:5)
  A hound skeleton (D:5)
  A howler monkey zombie (D:5)
  20 gnolls
  A howler monkey skeleton (D:5)
  4 adders
  A shadow imp (D:4)
  2 white imps (Abyss:2)
  4 ufetubi
  3 worms
  3 dart slugs
  27 orcs
  2 bats
  9 endoplasms
  3 giant cockroaches
  2 hobgoblins
  3 quokkas
  4 ball pythons
  2 frilled lizards
  5 goblins
  12 kobolds
  5 rats
  2 starspawn tentacles (Abyss:2)
422 creatures vanquished.

Vanquished Creatures (collateral kills)
  Nessos (Lair:4)
  A hound (D:5)
  2 orc priests
  A sleepcap (D:5)
  An orc wizard (D:10)
  A hound zombie (D:5)
  3 orcs
  An endoplasm (D:1)
  9 foxfires
20 creatures vanquished.

Vanquished Creatures (others)
  A raiju (Abyss:2)
  A wyvern (Lair:4)
  6 small abominations (Abyss:2)
  An orc wizard (D:10)
  A kobold (D:7)
  1300 foxfires
  A lurking horror (Abyss:2)
  2 starspawn tentacles (Abyss:2)
1313 creatures vanquished.

Grand Total: 1755 creatures vanquished

Notes
Turn   | Place    | Note
-------+----------+-------------------------------------------
     0 | D:1      | Shifty the Djinni Fire Elementalist began the quest for the
                  | Orb.
     0 | D:1      | Shifty set off with the following spells memorised:
                  | Foxfire, Scorch, Volatile Blastmotes, Inner Flame, Flame
                  | Wave.
     0 | D:1      | Reached XP level 1. HP: 15/15 MP: 0/0
   124 | D:1      | Reached XP level 2. HP: 16/22 MP: 0/0
   194 | D:1      | Gained mutation: Your skin changes colour to match your
                  | surroundings (Stealth+). [potion of mutation]
   194 | D:1      | Gained mutation: Your muscles are strong. (Str +4, Int/Dex
                  | -1) [potion of mutation]
   194 | D:1      | Gained mutation: You are clumsy. (Dex -2) [potion of
                  | mutation]
   194 | D:1      | Gained mutation: You are somewhat resistant to further
                  | mutation. [potion of mutation]
   353 | D:1      | Reached skill level 1 in Fighting
   353 | D:1      | Reached XP level 3. HP: 12/27 MP: 0/0
   353 | D:1      | Learned a level 1 spell: Summon Small Mammal
   927 | D:2      | Found a faded altar of an unknown god.
  1594 | D:2      | Reached XP level 4. HP: 28/32 MP: 0/0
  2225 | D:3      | Noticed Terence
  2235 | D:3      | Killed Terence
  2236 | D:3      | Reached skill level 2 in Fighting
  2240 | D:3      | Reached XP level 5. HP: 12/39 MP: 0/0
  2240 | D:3      | Learned a level 2 spell: Wereblood
  2514 | D:3      | Found a runed translucent door.
  2514 | D:3      | Noticed uhhuh's ghost (amateur TrSh)
  2874 | D:3      | Found a snail-covered altar of Cheibriados.
  3015 | D:3      | Found a sacrificial altar of Ru.
  3018 | D:3      | Reached XP level 6. HP: 43/45 MP: 0/0
  3336 | D:4      | Reached skill level 3 in Fighting
  3381 | D:4      | Noticed Grinder
  3388 | D:4      | Killed Grinder
  3389 | D:4      | Reached skill level 4 in Fighting
  3389 | D:4      | Reached XP level 7. HP: 24/52 MP: 0/0
  3389 | D:4      | Learned a level 3 spell: Stone Arrow
  3574 | D:4      | Found a staircase to the Ecumenical Temple.
  3582 | D:4      | Reached skill level 1 in Armour
  3606 | Temple   | Entered the Ecumenical Temple
  4384 | D:4      | Found an iron altar of Okawaru.
  4389 | D:4      | Reached skill level 5 in Spellcasting
  4389 | D:4      | Reached skill level 5 in Conjurations
  4389 | D:4      | Reached skill level 5 in Hexes
  4389 | D:4      | Reached skill level 5 in Summonings
  4389 | D:4      | Reached skill level 5 in Necromancy
  4389 | D:4      | Reached skill level 5 in Translocations
  4389 | D:4      | Reached skill level 5 in Transmutations
  4389 | D:4      | Reached skill level 5 in Fire Magic
  4389 | D:4      | Reached skill level 5 in Ice Magic
  4389 | D:4      | Reached skill level 5 in Air Magic
  4389 | D:4      | Reached skill level 5 in Earth Magic
  4389 | D:4      | Reached skill level 5 in Poison Magic
  4594 | D:5      | Entered Level 5 of the Dungeon
  4636 | D:5      | Reached XP level 8. HP: 27/58 MP: 0/0
  4856 | D:5      | Reached skill level 5 in Fighting
  5190 | D:5      | Reached skill level 6 in Fighting
  5224 | D:5      | Noticed Sigmund
  5229 | D:5      | Killed Sigmund
  5230 | D:5      | Reached XP level 9. HP: 45/67 MP: 0/0
  5230 | D:5      | Learned a level 3 spell: Vampiric Draining
  5573 | D:5      | Reached skill level 7 in Fighting
  5579 | D:5      | Noticed Duvessa
  5588 | D:5      | Killed Duvessa
  5589 | D:5      | Noticed Dowan
  5596 | D:5      | Killed Pikel
  5597 | D:5      | Reached skill level 8 in Fighting
  5602 | D:5      | Killed Dowan
  6343 | D:6      | Reached XP level 10. HP: 70/76 MP: 0/0
  6425 | D:6      | Found a bloodstained altar of Trog.
  7334 | D:7      | Noticed Joseph
  7342 | D:7      | Killed Joseph
  7343 | D:7      | Reached skill level 9 in Fighting
  8104 | D:7      | Found an ornate altar of the Wu Jian Council.
  8115 | D:7      | Noticed Prince Ribbit
  8123 | D:7      | Killed Prince Ribbit
  8545 | D:8      | Found a shadowy altar of Dithmenos.
  8864 | D:8      | Noticed a two-headed ogre
  8868 | D:8      | Killed a two-headed ogre
  8869 | D:8      | Reached skill level 10 in Fighting
  8869 | D:8      | Reached XP level 11. HP: 71/85 MP: 0/0
  8869 | D:8      | Learned a level 4 spell: Iskenderun's Mystic Blast
  9233 | D:8      | Found a glowing silver altar of Zin.
  9234 | D:8      | Noticed an angel
  9237 | D:8      | Found a shimmering altar of Xom.
 10012 | D:9      | Noticed Erica
 10018 | D:9      | Killed Erica
 10019 | D:9      | Reached skill level 11 in Fighting
 10086 | D:9      | Found Nieboirgh's Antique Weapon Boutique.
 10099 | D:9      | Bought an ichor-stained broad axe for 162 gold pieces
 10099 | D:9      | Identified the +3 broad axe of Resumed Hostilities {venom,
                  | rC+ Will- Dex+3 Stlth+} (You bought it in a shop on level 9
                  | of the Dungeon)
 10459 | D:10     | Entered Level 10 of the Dungeon
 10485 | D:10     | Noticed Fannar
 10625 | D:10     | Killed Fannar
 10784 | D:10     | Noticed a manticore
 10791 | D:10     | Killed a manticore
 10792 | D:10     | Noticed a two-headed ogre
 10801 | D:10     | Killed a two-headed ogre
 11182 | D:10     | Found a burning altar of Makhleb.
 11190 | D:10     | Became a worshipper of Makhleb the Destroyer
 11282 | D:10     | Found a staircase to the Orcish Mines.
 11316 | D:10     | Reached skill level 10 in Spellcasting
 11316 | D:10     | Reached skill level 10 in Conjurations
 11316 | D:10     | Reached skill level 10 in Hexes
 11316 | D:10     | Reached skill level 10 in Summonings
 11316 | D:10     | Reached skill level 10 in Necromancy
 11316 | D:10     | Reached skill level 10 in Translocations
 11316 | D:10     | Reached skill level 10 in Transmutations
 11316 | D:10     | Reached skill level 10 in Fire Magic
 11316 | D:10     | Reached skill level 10 in Ice Magic
 11316 | D:10     | Reached skill level 10 in Air Magic
 11316 | D:10     | Reached skill level 10 in Earth Magic
 11316 | D:10     | Reached skill level 10 in Poison Magic
 11661 | D:11     | Reached XP level 12. HP: 80/95 MP: 0/0
 11739 | D:11     | Noticed Maurice
 11746 | D:11     | Killed Maurice
 11747 | D:11     | Reached skill level 12 in Fighting
 12087 | D:11     | Found a staircase to the Lair.
 12088 | D:11     | Noticed a tengu warrior
 12090 | D:11     | Noticed a tengu warrior
 12101 | D:11     | Killed a tengu warrior
 12102 | D:11     | Killed a tengu warrior
 12522 | D:11     | Noticed a centaur warrior
 12529 | D:11     | Killed a centaur warrior
 12529 | D:11     | Reached * piety under Makhleb
 13173 | Lair:1   | Entered Level 1 of the Lair of Beasts
 13201 | Lair:1   | Reached skill level 13 in Fighting
 14093 | Lair:2   | Noticed a death yak
 14096 | Lair:2   | Noticed a death yak
 14097 | Lair:2   | Reached XP level 13. HP: 102/103 MP: 0/0
 14097 | Lair:2   | Learned a level 5 spell: Agony
 14111 | Lair:2   | Reached ** piety under Makhleb
 14112 | Lair:2   | Reached skill level 14 in Fighting
 15059 | Lair:2   | Found a staircase to the Shoals.
 15212 | Lair:2   | Found a blossoming altar of Fedhas.
 15347 | Lair:2   | Found a staircase to the Snake Pit.
 15731 | Lair:3   | Reached skill level 15 in Fighting
 15757 | Lair:3   | Reached XP level 14. HP: 114/114 MP: 0/0
 15806 | Lair:3   | Reached *** piety under Makhleb
 16238 | Lair:4   | Noticed Nessos
 17207 | Lair:4   | Killed Nessos
 17228 | Lair:4   | Found a runed translucent door.
 17229 | Lair:4   | Found a viscous altar of Jiyva.
 17229 | Lair:4   | Noticed an azure jelly
 17230 | Lair:4   | Noticed an azure jelly
 17231 | Lair:4   | Found a staircase to the Slime Pits.
 17743 | Lair:5   | Entered Level 5 of the Lair of Beasts
 17748 | Lair:5   | Reached skill level 1 in Evocations
 17974 | Lair:5   | Reached **** piety under Makhleb
 17975 | Lair:5   | Reached skill level 1 in Shapeshifting
 18313 | Lair:5   | Found a glowing silver altar of Zin.
 18351 | Lair:5   | Found a runed translucent door.
 18352 | Lair:5   | Found a shimmering altar of Xom.
 18352 | Lair:5   | Noticed Gymolay's ghost (journeyman TrFi)
 18353 | Lair:5   | Identified the +5 demon blade of Discomfort {chaos, Str+6}
 18776 | Lair:5   | Found a runed translucent door.
 18787 | Lair:5   | Reached skill level 16 in Fighting
 19304 | Abyss:2  | Cast into level 2 of the Abyss (an occultist)
 19385 | Abyss:2  | Reached XP level 15. HP: 121/121 MP: 0/0
 19385 | Abyss:2  | Learned a level 6 spell: Dispersal
 19510 | Abyss:2  | Noticed a cacodemon
 19510 | Abyss:2  | Noticed a tentacled starspawn
 20298 | Abyss:2  | Paralysed by an air elemental for 1 turns
 20303 | Abyss:2  | Killed a cacodemon
 20567 | Abyss:2  | Noticed an Executioner
 20575 | Abyss:2  | Killed an Executioner
 20616 | Abyss:2  | Reached ***** piety under Makhleb
 20651 | Abyss:2  | Noticed a tentacled starspawn
 20657 | Abyss:2  | Killed a tentacled starspawn
 20679 | Abyss:2  | Noticed a tentacled starspawn
 20685 | Abyss:2  | Killed a tentacled starspawn
 20686 | Abyss:2  | Reached skill level 1 in Shields
 20704 | Abyss:2  | Reached skill level 5 in Evocations
 20719 | Abyss:2  | Noticed a bone dragon
 20732 | Abyss:2  | Slain by a bone dragon

Illustrated notes

Levels and vault maps discovered:
D:1:      nzn_arrival_crosshair, layout_loops_ring
D:2:      layout_basic, hellmonk_ecumenical_altar_blasted,
          kennysheep_cluttered_room
D:3:      layout_rooms, nicolae_ru_sacrificial_ziggurat,
          cheibrodos_worm_habitat, hellmonk_ghost_happy_afterlife,
          minmay_misc_feat_enclosed, uniq_terence
D:4:      layout_basic, okawaru_altar_gauntlet_db, minmay_temple_entry_tees,
          uniq_grinder
D:5:      layout_basic, serial_undead, serial_undead_a, serial_undead_f,
          serial_undead_d, serial_undead_d, serial_undead_e, serial_undead_a,
          serial_undead_c, serial_undead_c, serial_undead_b, serial_undead_b,
          uniq_duvessa, uniq_sigmund, uniq_pikel
D:6:      layout_basic, lemuel_crystal_altar,
          hangedman_abyss_or_decor_lesser_grid, small_statue_intersection
D:7:      layout_basic, mainiacjoe_overflow_alcove_2, nicolae_lava_and_water,
          minmay_misc_feat_room, uniq_prince_ribbit1, uniq_joseph
D:8:      minmay_chambers_of_fours, layout_basic,
          grunt_temple_overflow_order_and_chaos_1,
          mainiacjoe_overflow_surrounded_room
D:9:      layout_roguey, amcnicky_altar_gilded, serial_shops, shop,
          minmay_sticks_and_stones, uniq_erica
D:10:     layout_basic, lemuel_coloured_pillars_altar, minmay_circle_x,
          uniq_fannar
D:11:     layout_loops_cross, david_lair_generic, nicolae_have_a_lightning_rod,
          uniq_maurice
D:12:     minmay_tri_stars, layout_stronghold, serial_demonic, serial_demonic_a,
          serial_demonic_d, serial_demonic_b, serial_demonic_e,
          serial_demonic_a, uniq_rupert
Temple:   chequers_temple_sunken
Lair:1:   layout_cellular_growth, grunt_megastairs_3
Lair:2:   layout_layer_cave, minmay_shoals_entry_hut,
          alex1729_snake_entry_snake, tgw_fedhas
Lair:3:   layout_roguey
Lair:4:   layout_long_grid, slime_entry_2, uniq_nessos
Lair:5:   wormcave, layout_cave_pods, ebering_ghost_xom, basic_altar,
          grunt_megastairs_2
Abyss:2:  base: Lair:3, hangedman_decor_riveting,
          guppyfry_abyss_exit_glass_guarded

Skill      XL: |  1  2  3  4  5  6  7  8  9 10 11 12 13 14 15 |
---------------+----------------------------------------------+-----
Spellcasting   | 4 5 6 7 8 10 11 12 13 | 13.6
Conjurations   | 4 5 6 7 8 10 11 12 13 | 13.6
Hexes          | 4 5 6 7 8 10 11 12 13 | 13.6
Summonings     | 4 5 6 7 8 10 11 12 13 | 13.6
Necromancy     | 4 5 6 7 8 10 11 12 13 | 13.6
Translocations | 4 5 6 7 8 10 11 12 13 | 13.6
Transmutations | 4 5 6 7 8 10 11 12 13 | 13.6
Fire Magic     | 4 5 6 7 8 10 11 12 13 | 13.6
Ice Magic      | 4 5 6 7 8 10 11 12 13 | 13.6
Air Magic      | 4 5 6 7 8 10 11 12 13 | 13.6
Earth Magic    | 4 5 6 7 8 10 11 12 13 | 13.6
Poison Magic   | 4 5 6 7 8 10 11 12 13 | 13.6
Fighting       | 1 2 4 6 8 10 11 13 15 16 | 16.5
Stealth        | 2 3 |  3.7
Armour         | 1 2 3 4 |  4.4
Dodging        | 3 |  3.5
Evocations     | 3 5 |  5.1
Shapeshifting  | 2 4 |  4.1
Shields        | 1 |  1.0

Action                     |  1- 3 |  4- 6 |  7- 9 | 10-12 | 13-15 || total
---------------------------+-------+-------+-------+-------+-------++-------
  Melee: Broad axe         |       |       |       |       |     5 ||     5
   Cast: Foxfire           |    78 |   107 |    93 |   251 |   257 ||   786
         Scorch            |     5 |     2 |    22 |    17 |     2 ||    48
         Summon Small Mamm |     2 |       |       |       |       ||     2
         Inner Flame       |       |     3 |    62 |   131 |   162 ||   358
         Stone Arrow       |       |       |     6 |     9 |       ||    15
         Flame Wave        |       |       |       |     1 |       ||     1
         Iskenderun's Myst |       |       |       |    47 |   239 ||   286
         Dispersal         |       |       |       |       |     1 ||     1
  Evoke: Lightning rod     |       |       |       |       |     4 ||     4
         Wand              |       |       |       |       |     1 ||     1
         Phantom mirror    |       |       |       |       |     1 ||     1
    Use: Scroll            |     4 |     1 |     5 |     7 |     5 ||    22
         Potion            |     4 |     2 |     3 |     1 |     3 ||    13
 Armour: Robe              |     7 |       |       |       |       ||     7
         Leather armour    |       |     3 |    25 |    48 |       ||    76
         Troll leather arm |       |       |       |     7 |   176 ||   183
  Dodge: Dodged            |     8 |     4 |     8 |    24 |    43 ||    87
  Block: Buckler           |       |       |       |       |    19 ||    19

Table legend: (Time is in decaauts)
 A = Elapsed time spent in this place.
 B = Non-inter-level travel time spent in this place.
 C = Inter-level travel time spent in this place.
 D = Time resting spent in this place.
 E = Time spent auto-exploring this place.
 F = Levels seen in this place.
 G = Mean time per level.
                   A        B        C        D        E       F      G
               +--------+--------+--------+--------+--------+-----+--------+
         Total |  20776 |  19736 |   1040 |   1340 |  15677 |  19 | 1093.5 |
       Dungeon |  13296 |  12868 |    428 |    310 |  10975 |  12 | 1108.0 |
        Temple |     50 |      1 |     49 |      0 |      0 |   1 |   50.0 |
          Lair |   6001 |   5439 |    562 |     76 |   4471 |   5 | 1200.2 |
         Abyss |   1427 |   1427 |      0 |    954 |    230 |   1 | 1427.0 |
               +--------+--------+--------+--------+--------+-----+--------+

Top non-repeatable levels by time:
  Lair:2: 1802 daAuts
     D:4: 1513 daAuts
    D:11: 1475 daAuts
 Abyss:2: 1427 daAuts
  Lair:5: 1423 daAuts
     D:2: 1403 daAuts
     D:5: 1365 daAuts
     D:8: 1198 daAuts
     D:9: 1111 daAuts
     D:7: 1088 daAuts
    D:10: 1065 daAuts
  Lair:3: 1024 daAuts
     D:6: 1020 daAuts
  Lair:1: 980 daAuts
     D:1: 924 daAuts
